 Dungeon Crawl Stone Soup version 0.28-a0-1356-g2ad6d04315 (webtiles) character file.

Game seed: 2654563675286524583

83684 mordus the Eclecticist (level 16, -25/94 (120) HPs)
             Began as a Djinni Conjurer on Dec 30, 2021.
             Was the Champion of Makhleb.
             Killed from afar by a deep elf death mage (37 damage)
             ... with a bolt of negative energy
             ... on level 1 of the Elven Halls.
             The game lasted 02:14:48 (20292 turns).

mordus the Eclecticist (Djinni Conjurer)           Turns: 20292, Time: 02:14:49

HP:   -25/94 (120)  AC: 13    Str:  5 (6)  XL:     16   Next: 25%
Gold: 2212          EV: 12    Int: 32      God:    Makhleb [******] SH:  5 Dex: 13

rFire   + + +      SeeInvis .   m - +7 dagger (freeze)
rCold   . . .      Faith    .   (no shield)
rNeg    . . .      Spirit   .   j - +2 ring mail of Fyvuc {rC+ Regen+ rCorr}
rPois   ∞          Reflect  +   P - +3 hat of Pondering {ponderous, Will+ MP+10 Int+5}
rElec   .          Harm     .   y - +1 cloak
rCorr   +          Rampage  .   (no gloves)
Will    ++...                   (boots unavailable)
Stlth   ..........              J - amulet of reflection
HPRegen 1.05/turn               q - ring of protection from fire
MPRegen 0.00/turn               u - ring of wizardry

@: silenced, flying, heavily drained, slow
A: sickness immunity, fire resistance 2, cold vulnerability 1, float, innate
caster, hp casting, extra vitality 1, deterioration 1
a: Renounce Religion


You were on level 1 of the Elven Halls.
You worshipped Makhleb.
Makhleb was exalted by your worship.
You visited 5 branches of the dungeon, and saw 21 of its levels.
You also visited: Sewer.

You collected 2212 gold pieces.

Inventory:

Hand Weapons
 a - the +8 whip "Snakebite" {venom, curare, rPois}
   (You found it on level 1 of the Lair of Beasts)

   It poisons the flesh of those it strikes.
   It occasionally inflicts asphyxiating poison on those it strikes, dealing
   poison damage and causing slowness.
   rPois:     It protects you from poison.
 f - the +4 dagger of Painful Death {flame, rElec Str+2}
   (You found it on level 4 of the Lair of Beasts)

   It burns those it strikes, dealing additional fire damage.
   Str:       It affects your strength (+2).
   rElec:     It insulates you from electricity.
 m - a +7 dagger of freezing (weapon)
 C - a +1 dagger of speed
 R - the +10 flail "Orb Guardian's Doom" {drain, Will+++ Str+2 Int-4 Dex+3}
   (You found it on level 6 of the Lair of Beasts)

   A truly terrible weapon, it drains the life of any living foe it strikes.
   Str:       It affects your strength (+2).
   Int:       It affects your intelligence (-4).
   Dex:       It affects your dexterity (+3).
   Will:      It greatly increases your willpower.
Missiles
 i - a throwing net
Armour
 j - the +2 ring mail of Fyvuc (worn) {rC+ Regen+ rCorr}
   (You found it on level 10 of the Dungeon)

   rC:        It protects you from cold.
   Regen:     It increases your rate of health regeneration.
   rCorr:     It protects you from acid and corrosion.
 y - a +1 cloak (worn)
 D - +0 pearl dragon scales
 G - a +1 robe of positive energy
 P - the +3 hat of Pondering (worn) {ponderous, Will+ MP+10 Int+5}
   (You took it off Gastronok on level 11 of the Dungeon)

   Int:       It affects your intelligence (+5).
   MP:        It affects your magic capacity (+10).
   Will:      It increases your willpower.
Jewellery
 b - a ring of see invisible
 d - a +6 ring of strength
 q - a ring of protection from fire (left hand)
 u - a ring of wizardry (right hand)
 w - a ring of resist corrosion
 E - an amulet of regeneration
 J - an amulet of reflection (around neck)
Wands
 h - a wand of flame (16)
 l - a wand of iceblast (9)
 p - a wand of polymorph (15)
 A - a wand of mindburst (9)
 H - a wand of paralysis (12)
 I - a wand of charming (8)
 K - a wand of acid (14)
Scrolls
 e - a scroll of fear
 g - 9 scrolls of identify
 k - a scroll of vulnerability
 o - 8 scrolls of teleportation
 x - 4 scrolls of fog
 L - 3 scrolls of blinking
 N - a scroll of summoning
Potions
 c - a potion of invisibility
 n - 7 potions of curing
 r - a potion of flight {unknown}
 s - 3 potions of heal wounds
 t - 4 potions of haste
 v - 2 potions of mutation
 z - 3 potions of resistance
 B - a potion of might
 F - a potion of lignification
 M - 2 potions of brilliance
 O - a potion of ambrosia
Miscellaneous
 Q - a phantom mirror


   Skills:
 + Level 12.9 Fighting
 - Level 6.2 Armour
 + Level 10.1 Dodging
 - Level 1.5 Stealth
 * Level 15.1 Spellcasting
 + Level 11.5 Invocations


You had 5 spell levels left.
You knew the following spells:

 Your Spells              Type           Power      Damage    Failure   Level
a - Magic Dart            Conj           100%       1d8       0%          1
b - Searing Ray           Conj           100%       2d8       0%          2
c - Dazzling Flash        Conj/Hex       100%       N/A       1%          3
d - Fulminant Prism       Conj/Hex       44%        3d20      1%          4
e - Iskenderun's Mystic   Conj/Tloc      88%        2d17      1%          4
f - Shock                 Conj/Air       100%       1d9       0%          1
g - Static Discharge      Conj/Air       88%        N/A       0%          2
h - Mephitic Cloud        Conj/Pois/Air  88%        N/A       1%          3
i - Olgreb's Toxic Radia  Pois           88%        N/A       1%          4
j - Summon Forest         Summ/Tloc      44%        N/A       1%          5
k - Silence               Hex/Air        44%        N/A       1%          5
l - Simulacrum            Ice/Necr       44%        N/A       1%          6
Your spell library was empty.

Dungeon Overview and Level Annotations

Branches:
Dungeon (11/15)            Temple (1/1) D:4            Lair (6/6) D:11
  Snake (0/4) Lair:3       Spider (0/4) Lair:3        Slime (0/5) Lair:5
    Orc (2/2) D:9             Elf (1/3) Orc:2         Sewer (visited)

Altars:
Ashenzari
Cheibriados
Dithmenos
Elyvilon
Fedhas
Gozag
Hepliaklqana
Kikubaaqudgha
Makhleb
Nemelex Xobeh
Okawaru
Qazlal
Ru
Sif Muna
Trog
Uskayaw
Vehumet
Wu Jian
Xom
Yredelemnul
Zin
The Shining One
Jiyva

Shops:
D:6 !   D:8 *   Orc:2 :*[(

Annotations:
D:2 1 runed translucent door, Crazy Yiuf
D:8 1 runed translucent door, ClockworkOrrery's ghost, novice GrFi
Lair:5 1 runed translucent door
Orc:1 1 runed translucent door, willcat's ghost, journeyman KoBr


Innate Abilities, Weirdness & Mutations

You are immune to sickness and miasma.
You are immune to poison.
Your flesh is very heat resistant. (rF++)
You are vulnerable to cold. (rC-)
You float through the air rather than walking.
You learn spells naturally, not from books.
Your magical power is your life essence.
You have superior vitality. (+4 MHP)
Your body sometimes deteriorates upon taking damage.


Message History

The deep elf death mage is severely wounded.
You block the deep elf death mage's attack.
You barely miss the deep elf death mage.
The deep elf death mage is severely wounded.
The deep elf death mage hits you but does no damage.
You hit the deep elf death mage but do no damage.
The deep elf death mage is severely wounded.
You block the deep elf death mage's attack.
You closely miss the deep elf death mage.
The deep elf death mage is severely wounded.
The deep elf death mage hits you but does no damage.
You hit the deep elf death mage but do no damage.
The deep elf death mage is severely wounded.
You block the deep elf death mage's attack.
You hit the deep elf death mage but do no damage.
The deep elf death mage is severely wounded.
The deep elf death mage looks more healthy.
You block the deep elf death mage's attack.
You hit the deep elf death mage but do no damage.
The deep elf death mage is almost dead.
The deep elf death mage hits you with a +0 dagger.
You hit the deep elf death mage but do no damage.
The deep elf death mage is severely wounded.
The deep elf death mage hits you with a +0 dagger!
You hit the deep elf death mage but do no damage.
The deep elf death mage is severely wounded.
The deep elf death mage hits you with a +0 dagger.
You hit the deep elf death mage but do no damage.
The deep elf death mage is severely wounded.
The deep elf death mage closely misses you.
A +1 battleaxe of freezing comes into view.
You hit the deep elf death mage. You freeze the deep elf death mage.
The deep elf death mage is severely wounded.
The deep elf death mage gestures at you while chanting.
The bolt of negative energy hits you!!
You feel drained.
* * * LOW HITPOINT WARNING * * *
Your body deteriorates!
You feel weakened.
The deep elf death mage points at you and mumbles some strange words.
The bolt of negative energy hits you!!!
You feel drained.
You die...

##.####).## #.......#
....)...#.####......##
#.#######.#.###...)#..#
..# ##)#)#.##>##.#...
.# ##.#.######.##.## .#
##).)..##..(# . #.#
##.......#...# #.#
##.)......)...# #.#
##.#....@e(.#.## #.#
##.##........###
#.##.####.....)#)#
#..## ##....###.#
###...######:.## #..
#............... .e.
#..###.#..#..... #.#
#.#. #)........ .#
..##. #..#..#... #


You could see a deep elf death mage and a +1 battleaxe of freezing.

Vanquished Creatures
  Gastronok (D:11)
  Kirke (Lair:4)
  An orc warlord (Orc:2)
  Snorg (Lair:3)
  5 hydras
  Erica (D:9)
  A dancing weapon (Elf:1)
  2 two-headed ogres
  4 death yaks (Lair:6)
  5 orc high priests
  4 deep elf knights (Elf:1)
  2 deep elf archers (Elf:1)
  12 deep elf pyromancers (Elf:1)
  3 orc knights (Orc:2)
  14 deep elf zephyrmancers (Elf:1)
  9 orc sorcerers
  20 elephants
  5 black mambas
  16 cane toads
  Psyche (D:11)
  3 yaktaurs (D:11)
  7 komodo dragons
  A rime drake (Lair:4)
  4 polar bears (Lair:6)
  7 trolls
  22 blink frogs
  4 hornets (Lair:6)
  14 spriggans (Lair:6)
  A human (Lair:4)
  An air elemental (Elf:1)
  3 fire elementals (Elf:1)
  2 wraiths
  38 yaks
  2 wyverns
  5 hogs (Lair:4)
  Grum (D:9)
  A steam dragon (D:10)
  2 basilisks
  2 wargs (Orc:2)
  2 nagas (Lair:3)
  An acid dragon (D:11)
  19 water moccasins
  Duvessa (D:4)
  25 orc warriors
  A hornet zombie (D:9)
  A swamp drake (D:9)
  3 black bears
  2 ice beasts
  4 necrophages
  A sky beast (D:6)
  6 ogres
  4 boggarts (Lair:6)
  2 centaurs
  30 wolves
  A phantom (D:6)
  A kobold brigand (D:9)
  15 bullfrogs
  4 scorpions
  A wyvern skeleton (D:6)
  2 water moccasin skeletons
  Dowan (D:4)
  9 killer bees
  5 wights
  9 electric eels
  A jelly (D:6)
  6 howler monkeys
  6 centaur zombies
  9 orc priests
  A bullfrog skeleton (D:6)
  A human zombie (D:10)
  7 hounds
  Jessica (D:3)
  4 iguanas
  A scorpion zombie (D:5)
  16 orc wizards
  A hound zombie (D:5)
  5 mummies
  3 gnolls (D:3)
  4 river rats (Sewer)
  14 adders
  2 white imps
  An adder skeleton (D:5)
  2 worms
  2 dart slugs
  61 orcs
  25 ball pythons
  10 endoplasms
  2 giant cockroaches
  3 hobgoblins
  4 quokkas
  6 bats
  7 frilled lizards
  7 goblins
  11 kobolds
  2 orc zombies (D:7)
  23 rats
  A fulminant prism (Orc:2)
627 creatures vanquished.

Vanquished Creatures (collateral kills)
  A cane toad (Lair:1)
  A rime drake (Lair:2)
  2 hornets (Lair:6)
  3 blink frogs (Lair:2)
  2 yaks (Lair:6)
  A wolf (Lair:6)
10 creatures vanquished.

Vanquished Creatures (others)
  A bush (Lair:4)
  18 fulminant prisms
  48 fungi
  88 plants
  2 withered plants (D:8)
157 creatures vanquished.

Grand Total: 794 creatures vanquished

Notes
Turn   | Place    | Note
-------+----------+-------------------------------------------
     0 | D:1      | mordus the Djinni Conjurer began the quest for the Orb.
     0 | D:1      | Reached XP level 1. HP: 15/15 MP: 0/0
   212 | D:1      | Reached XP level 2. HP: 13/21 MP: 0/0
   798 | D:1      | Reached XP level 3. HP: 24/26 MP: 0/0
   798 | D:1      | Learned a level 1 spell: Shock
  1072 | D:1      | Found a faded altar of an unknown god.
  1428 | D:2      | Found a runed translucent door.
  1429 | D:2      | Noticed Crazy Yiuf
  1462 | D:2      | Reached skill level 4 in Spellcasting
  1931 | D:2      | Reached XP level 4. HP: 23/31 MP: 0/0
  2646 | D:3      | Reached skill level 1 in Fighting
  2848 | D:3      | Found a sacrificial altar of Ru.
  2896 | D:3      | Reached XP level 5. HP: 22/37 MP: 0/0
  2896 | D:3      | Learned a level 2 spell: Static Discharge
  3029 | D:3      | Noticed Jessica
  3035 | D:3      | Killed Jessica
  3676 | D:4      | Noticed a necrophage
  3683 | D:4      | Killed a necrophage
  3684 | D:4      | Reached skill level 5 in Spellcasting
  3684 | D:4      | Reached XP level 6. HP: 28/42 MP: 0/0
  3797 | D:4      | Found a glowing silver altar of Zin.
  3798 | D:4      | Found a glowing golden altar of the Shining One.
  3801 | D:4      | Found a white marble altar of Elyvilon.
  3886 | D:4      | Noticed a necrophage
  3902 | D:4      | Killed a necrophage
  3903 | D:4      | Reached XP level 7. HP: 25/49 MP: 0/0
  3903 | D:4      | Learned a level 3 spell: Mephitic Cloud
  4078 | D:4      | Noticed Duvessa
  4089 | D:4      | Killed Duvessa
  4090 | D:4      | Reached skill level 6 in Spellcasting
  4090 | D:4      | Noticed Dowan
  4179 | D:4      | Killed Dowan
  4533 | D:4      | Found a staircase to the Ecumenical Temple.
  4543 | Temple   | Entered the Ecumenical Temple
  4552 | Temple   | Became a worshipper of Makhleb the Destroyer
  4681 | D:4      | Reached XP level 8. HP: 43/55 MP: 0/0
  5072 | D:5      | Entered Level 5 of the Dungeon
  5615 | D:5      | Found a shadowy altar of Dithmenos.
  5659 | D:5      | Reached skill level 7 in Spellcasting
  6197 | D:6      | Found Faitoguf's Distillery.
  6362 | D:6      | Reached * piety under Makhleb
  6363 | D:6      | Reached XP level 9. HP: 56/62 MP: 0/0
  6363 | D:6      | Learned a level 4 spell: Olgreb's Toxic Radiance
  6403 | D:6      | Found a glowing drain.
  6419 | Sewer    | Entered a sewer
  6698 | Sewer    | Reached ** piety under Makhleb
  6774 | Sewer    | Reached skill level 5 in Dodging
  7029 | D:6      | Reached skill level 8 in Spellcasting
  7147 | D:6      | Reached skill level 5 in Fighting
  7676 | D:6      | Found an iron altar of Okawaru.
  8566 | D:7      | Reached XP level 10. HP: 65/72 MP: 0/0
  8765 | D:7      | Reached *** piety under Makhleb
  8997 | D:7      | Found an ornate altar of the Wu Jian Council.
  9050 | D:8      | Found Sucwa's Assorted Antiques.
  9413 | D:8      | Found a runed translucent door.
  9414 | D:8      | Noticed ClockworkOrrery's ghost (novice GrFi)
  9534 | D:8      | Reached skill level 9 in Spellcasting
  9783 | D:9      | Noticed Erica
  9794 | D:9      | Noticed Grum
  9798 | D:9      | Killed Erica
  9799 | D:9      | Reached skill level 1 in Invocations
  9805 | D:9      | Killed Grum
 10136 | D:9      | Found a staircase to the Orcish Mines.
 10386 | D:9      | Reached XP level 11. HP: 77/79 MP: 0/0
 10386 | D:9      | Learned a level 5 spell: Summon Forest
 10387 | D:9      | Reached **** piety under Makhleb
 10575 | D:10     | Entered Level 10 of the Dungeon
 10613 | D:10     | Reached skill level 10 in Spellcasting
 10682 | D:10     | Identified the +2 ring mail of Fyvuc {rC+ Regen+ rCorr}
 10953 | D:10     | Reached skill level 1 in Armour
 11045 | D:10     | Found a basalt altar of Yredelemnul.
 11693 | D:11     | Identified the +1 robe of the Spheres {Stlth+}
 11734 | D:11     | Noticed a two-headed ogre
 11750 | D:11     | Killed a two-headed ogre
 11751 | D:11     | Reached skill level 5 in Invocations
 11988 | D:11     | Reached XP level 12. HP: 87/87 MP: 0/0
 12056 | D:11     | Noticed Gastronok
 12076 | D:11     | Killed Gastronok
 12077 | D:11     | Reached skill level 11 in Spellcasting
 12241 | D:11     | Found a staircase to the Lair.
 12260 | Lair:1   | Entered Level 1 of the Lair of Beasts
 12653 | Lair:1   | Reached ***** piety under Makhleb
 13112 | Lair:1   | Reached skill level 5 in Armour
 13196 | Lair:1   | Found the +8 whip "Snakebite" {venom, curare, rPois}
 13420 | Lair:2   | Reached XP level 13. HP: 94/94 MP: 0/0
 13420 | Lair:2   | Learned a level 5 spell: Silence
 13757 | Lair:2   | Reached skill level 12 in Spellcasting
 14354 | Lair:3   | Found a burning altar of Makhleb.
 14422 | Lair:3   | Noticed Snorg
 14432 | Lair:3   | Killed Snorg
 14433 | Lair:3   | Reached skill level 10 in Fighting
 14683 | Lair:3   | Found a hole to the Spider Nest.
 14698 | Lair:3   | Found a staircase to the Snake Pit.
 15046 | Lair:4   | Noticed a seven-headed hydra
 15060 | Lair:3   | Killed a seven-headed hydra
 15151 | Lair:4   | Identified the +4 dagger of Painful Death {flame, rElec
                  | Str+2}
 15486 | Lair:4   | You are sucked into a shaft and drop 2 floors!
 15486 | Lair:6   | Entered Level 6 of the Lair of Beasts
 15529 | Lair:6   | Reached XP level 14. HP: 103/103 MP: 0/0
 15571 | Lair:5   | Reached skill level 13 in Spellcasting
 15658 | Lair:4   | Noticed Kirke
 15672 | Lair:4   | Killed Kirke
 16094 | Lair:5   | Reached ****** piety under Makhleb
 16373 | Lair:5   | Found a hazy altar of Hepliaklqana.
 16374 | Lair:5   | Found a runed translucent door.
 16381 | Lair:5   | Found a viscous altar of Jiyva.
 16396 | Lair:5   | Noticed an acid blob
 16397 | Lair:5   | Noticed an acid blob
 16398 | Lair:5   | Found a staircase to the Slime Pits.
 17051 | Lair:6   | Reached skill level 10 in Invocations
 17090 | Lair:6   | Reached skill level 14 in Spellcasting
 17404 | Lair:6   | Identified the +10 flail "Orb Guardian's Doom" {drain,
                  | Will+++ Str+2 Int-4 Dex+3}
 17466 | Lair:6   | Reached XP level 15. HP: 102/112 MP: 0/0
 17466 | Lair:6   | Learned a level 6 spell: Simulacrum
 17554 | Lair:6   | Found a hazy altar of Hepliaklqana.
 18195 | D:11     | Noticed Psyche
 18202 | D:11     | Killed Psyche
 18417 | Orc:1    | Entered Level 1 of the Orcish Mines
 18428 | Orc:1    | Found a runed translucent door.
 18429 | Orc:1    | Noticed willcat's ghost (journeyman KoBr)
 18527 | Orc:1    | You are sucked into a shaft and drop 1 floor!
 18527 | Orc:2    | Entered Level 2 of the Orcish Mines
 18527 | Orc:2    | Found a staircase to the Elven Halls.
 18544 | Orc:2    | Found Komog's Antique Weapon Shoppe.
 18608 | Orc:2    | Found Huommiun's Antique Armour Boutique.
 18878 | Orc:2    | Noticed an orc warlord
 18892 | Orc:2    | Killed an orc warlord
 18955 | Orc:2    | Found Qaron's Book Boutique.
 19013 | Orc:2    | Found Wodagop's General Store.
 19708 | Elf:1    | Entered Level 1 of the Elven Halls
 19838 | Elf:1    | Gained mutation: Your body sometimes deteriorates upon
                  | taking damage. [a neqoxec]
 19977 | Elf:1    | Reached XP level 16. HP: 77/120 MP: 0/0
 20039 | Elf:1    | Paralysed by an air elemental for 1 turns
 20058 | Elf:1    | Reached skill level 15 in Spellcasting
 20087 | Elf:1    | Reached skill level 10 in Dodging
 20292 | Elf:1    | Killed from afar by a deep elf death mage

Illustrated notes

Levels and vault maps discovered:
D:1:      dpeg_arrival_round_c, layout_loops_ring,
          shapermc_ecumenical_altar_ellora, minmay_misc_feat_plants,
          minmay_tromino_v2
D:2:      layout_loops_ring, uniq_crazy_yiuf_cottage
D:3:      layout_loops_ring, mainiacjoe_overflow_six_doors_small, uniq_jessica
D:4:      layout_rooms, good_gods_temple_1, minmay_temple_entry_glass,
          grunt_decor_one_mirror, uniq_duvessa
D:5:      layout_gridville, mainiacjoe_overflow_24_doors
D:6:      layout_rooms, mainiacjoe_overflow_boulevard,
          cheibrodos_sewer_entry_drain, serial_shops, nicolae_stop_n_shop_2,
          serial_bayou_pond_c, chequers_serial_rivers_room_a
D:7:      layout_loops_cross, amethyst_overflow_temple_binary,
          nicolae_ossuary_entry_giza
D:8:      layout_basic, gammafunk_ghost_grave, serial_shops, shop
D:9:      layout_loops_ring, erik_orc_1, uniq_erica, uniq_grum
D:10:     layout_basic, lemuel_mausoleum_altar_yredelemnul
D:11:     layout_basic, erik_lair_island, lemuel_another_geyser, uniq_psyche,
          uniq_gastronok
Temple:   dshaligram_water_room_temple
Lair:1:   minmay_guarded_unrand_snakebite, layout_long_grid,
          serial_bayou_lagoon_a, grunt_megastairs_4, infiniplex_staircase_pool,
          lemuel_fruit_fields
Lair:2:   layout_gridlike, gauntlet_entry_generic,
          eino_small_chamber_without_monster, fungi_pond_lemuel,
          grunt_megastairs_2
Lair:3:   layout_cave_pods, guppyfry_snake_entry_island, dummy_spider_entry,
          basic_altar, grunt_megastairs_5, uniq_snorg
Lair:4:   layout_regular_city, grunt_forest_small_clearing_treed, uniq_kirke
Lair:5:   layout_gridlike, slime_altar_2, basic_altar, st_stairs_3,
          chequers_serial_rivers_micro_b
Lair:6:   minmay_lair_end_enchanted_forest, layout_gridlike, basic_altar,
          serial_bayou_shore_a, serial_bayou_shore_b
Orc:1:    layout_diamond_mine, ebering_ghost_inner_flame
Orc:2:    grunt_orc_gardens, layout_caves, grunt_orc_garden, grunt_orc_garden,
          grunt_orc_garden, grunt_orc_garden
Elf:1:    nicolae_elf_arrival_no_cutting_in_line, layout_rooms,
          minmay_elf_sorcery

Skill      XL: |  1  2  3  4  5  6  7  8  9 10 11 12 13 14 15 16 |
---------------+-------------------------------------------------+-----
Spellcasting   | 4 5 6 7 8 9 10 11 12 14 15 | 15.1
Fighting       | 1 2 4 5 7 8 9 10 11 12 | 12.9
Dodging        | 4 6 7 8 9 10 | 10.1
Invocations    | 3 5 6 8 10 11 | 11.5
Armour         | 3 5 6 |  6.2
Stealth        | |  1.5

Action                   |  1- 3 |  4- 6 |  7- 9 | 10-12 | 13-15 | 16-18 || total
-------------------------+-------+-------+-------+-------+-------+-------++-------
Melee: Dagger            |       |       |     2 |   165 |   236 |    49 ||   452
 Cast: Magic Dart        |    52 |    49 |    72 |    28 |    19 |       ||   220
       Searing Ray       |     9 |    11 |    58 |    70 |    46 |     3 ||   197
       Shock             |     2 |       |       |       |       |       ||     2
       Fulminant Prism   |       |     3 |     3 |     6 |     7 |       ||    19
       Iskenderun's Myst |       |       |    17 |    29 |    68 |    11 ||   125
       Mephitic Cloud    |       |       |     1 |    17 |    60 |    10 ||    88
       Olgreb's Toxic Ra |       |       |    17 |    64 |   157 |    23 ||   261
       Summon Forest     |       |       |       |       |     1 |       ||     1
       Static Discharge  |       |       |       |       |     2 |       ||     2
       Simulacrum        |       |       |       |       |     7 |       ||     7
       Silence           |       |       |       |       |       |     1 ||     1
Invok: Lesser Servant of |       |       |       |     1 |     1 |       ||     2
  Use: Potion            |       |     4 |     2 |       |       |       ||     6
       Scroll            |       |       |     1 |    19 |       |       ||    20
 Stab: Confused          |       |       |       |       |     4 |     1 ||     5
Armor: Robe              |     1 |     1 |     6 |     1 |       |       ||     9
       Ring mail         |       |       |       |   130 |   147 |    24 ||   301
Dodge: Dodged            |     2 |    11 |    32 |   192 |   201 |    16 ||   454
Block: Other             |       |       |       |       |    10 |    19 ||    29
       Reflection        |       |       |       |       |     1 |       ||     1

Table legend: (Time is in decaauts)
 A = Elapsed time spent in this place.
 B = Non-inter-level travel time spent in this place.
 C = Inter-level travel time spent in this place.
 D = Time resting spent in this place.
 E = Time spent auto-exploring this place.
 F = Levels seen in this place.
 G = Mean time per level.
                   A        B        C        D        E       F      G
               +--------+--------+--------+--------+--------+-----+--------+
         Total |  20940 |  20241 |    699 |   2775 |  12929 |  22 |  951.8 |
       Dungeon |  12187 |  11753 |    434 |   1959 |   7889 |  11 | 1107.9 |
        Temple |     94 |     94 |      0 |      0 |     54 |   1 |   94.0 |
          Lair |   6165 |   5951 |    214 |    400 |   3912 |   6 | 1027.5 |
  Orcish Mines |   1443 |   1393 |     50 |     74 |    874 |   2 |  721.5 |
   Elven Halls |    560 |    560 |      0 |     99 |    125 |   1 |  560.0 |
         Sewer |    488 |    488 |      0 |    243 |     73 |   1 |  488.0 |
               +--------+--------+--------+--------+--------+-----+--------+

Top non-repeatable levels by time:
     D:3: 1647 daAuts
  Lair:6: 1477 daAuts
     D:1: 1414 daAuts
  Lair:1: 1259 daAuts
     D:7: 1164 daAuts
     D:6: 1159 daAuts
    D:11: 1101 daAuts
     D:2: 1088 daAuts
     D:4: 1076 daAuts
    D:10: 1027 daAuts
     D:9: 1020 daAuts
  Lair:3: 1016 daAuts
  Lair:4: 964 daAuts
     D:5: 919 daAuts
   Orc:2: 880 daAuts
